[Event "Titled Tuesday Blitz January 10 Early 2023"]
[White "Girsh, Daniel"]
[Black "Sattarov, Bobir"]
[WhiteFideId "30949190"]
[BlackFideId "14203081"]
[WhiteElo "2123"]
[BlackElo "2366"]
[Result "0-1"]
[Round "08"]
[TimeControl "180+2"]
[Date "2023.01.10"]
[WhiteClock "0:01:14"]
[BlackClock "0:01:53"]

1. e4 e5 2. Nf3 Nc6 3. Bb5 a6 4. Ba4 Nf6 5. O-O Be7 6. Re1 b5 7. Bb3 d6 8. c3 O-O 9. h3 Bb7 10. d4 Re8 11. Nbd2 Bf8 12. a4 h6 13. Bc2 exd4 14. cxd4 Nb4 15. Bb1 c5 16. d5 Nd7 17. Nf1 f5 18. Ng3 fxe4 19. Bxe4 Nf6 20. Bd2 Nbxd5 21. Bg6 Rxe1+ 22. Qxe1 Ne7 23. Qe6+ Kh8 24. Bc2 Qd7 25. Qf7 Bd5 26. Ne5 dxe5 0-1


[Site "https://www.chess.com"]

[Event "Titled Tuesday Blitz January 10 Early 2023"]
[White "Barria Zuniga, Daniel"]
[Black "Gracia Alvarez, Gerardo Antonio"]
[WhiteFideId "3400816"]
[BlackFideId "5109124"]
[WhiteElo "2341"]
[BlackElo "2238"]
[Result "1-0"]
[Round "08"]
[TimeControl "180+2"]
[Date "2023.01.10"]
[WhiteClock "0:00:19"]
[BlackClock "0:00:05"]

1. d4 Nf6 2. c4 g6 3. Nc3 Bg7 4. e4 d6 5. Be2 O-O 6. Nf3 e5 7. d5 a5 8. Bg5 h6 9. Bh4 Na6 10. Nd2 Qe8 11. O-O Bd7 12. b3 Nh7 13. a3 h5 14. f3 Bh6 15. Rb1 Be3+ 16. Kh1 Bc5 17. Qc1 f5 18. exf5 gxf5 19. f4 e4 20. Re1 Qg6 21. Nf1 Nf6 22. h3 Kh7 23. Ne3 Rg8 24. Bf1 Qh6 25. Nc2 Ng4 26. Nd1 Ba7 27. b4 axb4 28. axb4 Rg6 29. Qd2 Rag8 30. Nd4 e3 31. Nxe3 Qxf4 32. hxg4 Bxd4 33. g3 Bxe3 34. Qxe3 Qxg4 35. Rbd1 f4 36. Qxf4 Qxf4 37. gxf4 Bg4 38. Rd4 Bf3+ 39. Kh2 Nxb4 40. Re7+ R8g7 41. Rxg7+ Rxg7 42. Rd2 Na6 43. Rf2 Be4 44. f5 Nc5 45. f6 Re7 46. fxe7 1-0


[Site "https://www.chess.com"]

[Event "Titled Tuesday Blitz January 10 Early 2023"]
[White "Leiva, Gianmarco"]
[Black "Sanchez, Robert"]
[WhiteFideId "3804399"]
[BlackFideId "2034360"]
[WhiteElo "2392"]
[BlackElo "1966"]
[Result "0-1"]
[Round "08"]
[TimeControl "180+2"]
[Date "2023.01.10"]
[WhiteClock "0:01:59"]
[BlackClock "0:02:26"]

1. e4 e6 2. d4 d5 3. Nd2 Nf6 4. e5 Nfd7 5. Bd3 c5 6. c3 Nc6 7. Ne2 cxd4 8. cxd4 f6 9. exf6 Nxf6 10. Nf3 Bd6 11. O-O Qc7 12. Bg5 O-O 13. Bh4 Nh5 14. Qc2 h6 15. Bg6 Rxf3 16. Bxh5 Rf5 17. Bg4 Bxh2+ 18. Kh1 Bd6 19. Bxf5 exf5 20. f3 Qf7 21. Kg1 Qh5 22. Bg3 Nxd4 0-1


[Site "https://www.chess.com"]

[Event "Titled Tuesday Blitz January 10 Early 2023"]
[White "Demin, Vladimir"]
[Black "Gonzalez, Francisco Silva"]
[WhiteFideId "4167457"]
[BlackFideId "1512285"]
[WhiteElo "2430"]
[BlackElo "2021"]
[Result "1-0"]
[Round "08"]
[TimeControl "180+2"]
[Date "2023.01.10"]
[WhiteClock "0:00:58"]
[BlackClock "0:01:02"]

1. d4 Nf6 2. Nc3 d5 3. Bf4 c5 4. e4 cxd4 5. Qxd4 Nc6 6. Qa4 d4 7. Nb5 e5 8. Bxe5 Nxe5 9. Nc7+ Ke7 10. Nxa8 Nxe4 11. Qxa7 d3 12. Bxd3 Nxd3+ 13. cxd3 Qxd3 14. Qe3 Qxe3+ 15. fxe3 Kf6 16. Nb6 Bb4+ 17. Ke2 Be6 18. Rc1 Ba5 19. Nc4 Rc8 20. b3 Bb4 21. Nf3 b5 22. Ncd2 Nc3+ 23. Kf2 Ra8 24. Rxc3 Rxa2 25. Rd3 Bf5 26. Ke2 Bxd3+ 27. Kxd3 g5 28. h3 h6 29. Rc1 Kg7 30. g4 Ra6 31. Rc7 Rd6+ 32. Nd4 Kf8 33. Ne4 Rd5 34. Nc3 Bxc3 35. Kxc3 Re5 36. Nf5 Ke8 37. Kd4 Re6 38. Kd5 Rf6 39. e4 Ra6 40. Rb7 Ra1 41. Rxb5 Rh1 42. Kd6 Rd1+ 43. Ke5 Rh1 44. Nxh6 Rxh3 45. Rb8+ Ke7 46. Rb7+ Ke8 47. Nxf7 Rg3 48. Nd6+ Kd8 49. Ke6 1-0


[Site "https://www.chess.com"]

[Event "Titled Tuesday Blitz January 10 Early 2023"]
[White "Bozorov, Makhsum"]
[Black "Osmak, Yuliia"]
[WhiteFideId "14201330"]
[BlackFideId "14101602"]
[WhiteElo "2145"]
[BlackElo "2440"]
[Result "1/2-1/2"]
[Round "08"]
[TimeControl "180+2"]
[Date "2023.01.10"]
[WhiteClock "0:00:16"]
[BlackClock "0:00:16"]

1. d4 d6 2. Nf3 Bg4 3. c4 c6 4. Qb3 Qc7 5. g3 Nf6 6. Bg2 Nbd7 7. O-O e5 8. dxe5 dxe5 9. Be3 Bc5 10. Nbd2 O-O 11. Rfd1 Rfe8 12. Bxc5 Nxc5 13. Qe3 Qb6 14. Nb3 Nxb3 15. Qxb3 e4 16. Nd4 c5 17. Qxb6 axb6 18. Nb5 Bxe2 19. Re1 Bxc4 20. Nc7 Rac8 21. Nxe8 Rxe8 22. b3 Bd3 23. Rad1 b5 24. f3 c4 25. bxc4 bxc4 26. fxe4 Nd7 27. Bf1 Ne5 28. Bxd3 Nf3+ 29. Kf1 Nxe1 30. Bxc4 Nc2 31. Kf2 g6 32. Rd7 Rxe4 33. Bxf7+ Kf8 34. Rxb7 Ra4 35. Bb3 Rb4 36. Rxb4 Nxb4 37. Ke3 Ke7 38. Kd4 Kd6 39. a4 Nc6+ 40. Ke4 Na5 41. Bc2 h6 42. h4 Nc4 43. Bd3 Ne5 44. Be2 Nc6 45. Bb5 Na5 46. Kf4 Ke6 47. Ke4 Kf6 48. Kd4 g5 49. Kc5 gxh4 50. gxh4 Kf5 51. Bd7+ Kf4 52. Be8 Kg4 53. h5 Nb7+ 54. Kb6 Nd6 55. Bg6 Nc4+ 56. Kb5 Nd6+ 57. Kc5 Nb7+ 58. Kc6 Na5+ 59. Kb5 Nb7 60. a5 Nxa5 61. Kxa5 Kg5 62. Kb5 Kf6 63. Kc5 Kg7 64. Kd5 Kh8 65. Ke5 Kg8 66. Kf5 Kh8 67. Be8 Kg8 68. Bb5 Kh8 69. Kf6 Kg8 70. Bd3 Kh8 71. Be4 Kg8 72. Kg6 Kh8 73. Bf3 Kg8 74. Bg4 Kh8 75. Bh3 Kg8 76. Kf6 Kh8 77. Kg6 Kg8 78. Kxh6 Kh8 79. Kg6 Kg8 80. h6 Kh8 81. Bf5 Kg8 82. h7+ Kh8 83. Be6 1/2-1/2


[Site "https://www.chess.com"]

[Event "Titled Tuesday Blitz January 10 Early 2023"]
[White "Bodnaruk, Anastasia"]
[Black "Donskov, Anatoly"]
[WhiteFideId "4181751"]
[BlackFideId "24143413"]
[WhiteElo "2350"]
[BlackElo "2279"]
[Result "1-0"]
[Round "08"]
[TimeControl "180+2"]
[Date "2023.01.10"]
[WhiteClock "0:00:22"]
[BlackClock "0:00:10"]

1. e4 c5 2. Nc3 e6 3. g3 d5 4. Bg2 d4 5. Nce2 Nc6 6. d3 Bd6 7. f4 f5 8. Nf3 Nge7 9. O-O O-O 10. h3 e5 11. fxe5 Nxe5 12. Nxe5 Bxe5 13. Bf4 Qd6 14. Qd2 Ng6 15. Rae1 fxe4 16. dxe4 Be6 17. b3 Rad8 18. Bxe5 Nxe5 19. Nf4 Bd7 20. Nd5 Bb5 21. Rf5 g6 22. Qg5 Kg7 23. Rxe5 Rd7 24. Re7+ Rf7 25. Rxd7 Qxd7 26. e5 h6 27. Qd2 Qf5 28. e6 Rf8 29. e7 Re8 30. Nc7 Bc6 31. Nxe8+ Bxe8 32. Qf4 1-0


[Site "https://www.chess.com"]

[Event "Titled Tuesday Blitz January 10 Early 2023"]
[White "Renjith, Sravan"]
[Black "Luukkonen, Tommi"]
[WhiteFideId "4306783"]
[BlackFideId "501808"]
[WhiteElo "2172"]
[BlackElo "2292"]
[Result "0-1"]
[Round "08"]
[TimeControl "180+2"]
[Date "2023.01.10"]
[WhiteClock "0:01:15"]
[BlackClock "0:01:05"]

1. d4 Nf6 2. Nf3 g6 3. Bf4 Bg7 4. e3 O-O 5. h3 d6 6. c3 Nc6 7. Nbd2 Nd7 8. Be2 e5 9. Bh2 f5 10. O-O e4 11. Ne1 Kh8 12. f3 exf3 13. Ndxf3 Nf6 14. Nd3 Qe7 15. Qc1 Bd7 16. Re1 Ne4 17. Bf1 Rae8 18. Nf4 Bh6 19. c4 g5 20. Nd5 Qd8 21. c5 g4 22. Nxc7 gxf3 23. gxf3 Rg8+ 24. Bg2 Qxc7 25. fxe4 Rxe4 26. Bxd6 Qd8 27. Kh2 Qg5 28. Bxe4 fxe4 29. Rg1 Qh5 30. Rxg8+ Kxg8 31. Qc4+ Kh8 32. Rg1 Qxh3# 0-1


[Site "https://www.chess.com"]

[Event "Titled Tuesday Blitz January 10 Early 2023"]
[White "Arngrimsson, Dagur"]
[Black "Dinu, Dumitru-Daniel"]
[WhiteFideId "2301288"]
[BlackFideId "1208403"]
[WhiteElo "2370"]
[BlackElo "2203"]
[Result "1-0"]
[Round "08"]
[TimeControl "180+2"]
[Date "2023.01.10"]
[WhiteClock "0:00:58"]
[BlackClock "0:00:10"]

1. e4 c5 2. Nf3 e6 3. d4 cxd4 4. Nxd4 Nc6 5. Nc3 Nf6 6. h3 Bb4 7. Nxc6 bxc6 8. Bd3 d5 9. e5 Nd7 10. Bf4 d4 11. a3 Ba5 12. b4 dxc3 13. bxa5 Qxa5 14. O-O O-O 15. Re1 Nc5 16. Bxh7+ Kxh7 17. Qh5+ Kg8 18. Re3 Qa4 19. Bh6 gxh6 20. Qxh6 Ne4 21. Rae1 f5 22. Qg6+ Kh8 23. Rxe4 fxe4 24. Re3 Qxc2 25. Qh5+ Kg8 26. Rg3# 1-0


[Site "https://www.chess.com"]

[Event "Titled Tuesday Blitz January 10 Early 2023"]
[White "Leve, Nitai"]
[Black "Hirneise, Jens"]
[WhiteFideId "2006898"]
[BlackFideId "24614734"]
[WhiteElo "2128"]
[BlackElo "2277"]
[Result "0-1"]
[Round "08"]
[TimeControl "180+2"]
[Date "2023.01.10"]
[WhiteClock "0:00:02"]
[BlackClock "0:00:05"]

1. e4 c6 2. d4 d5 3. exd5 cxd5 4. c4 Nf6 5. Nc3 Nc6 6. Nf3 a6 7. cxd5 Nxd5 8. Bc4 Nb6 9. Bb3 e6 10. O-O Be7 11. d5 exd5 12. Nxd5 Nxd5 13. Bxd5 O-O 14. Bxc6 bxc6 15. Qxd8 Rxd8 16. Be3 Bf6 17. Rac1 Bxb2 18. Rxc6 Be6 19. a4 a5 20. h3 h6 21. Rc7 Rd3 22. Rb1 Bf6 23. Rb5 Bb3 24. Ra7 Rxa7 25. Bxa7 Bxa4 26. Rxa5 Bc6 27. Ne5 Rd1+ 28. Kh2 Bb7 29. Be3 h5 30. Bf4 g5 31. Be3 Kg7 32. Rb5 Ba6 33. Ra5 Bc8 34. f4 g4 35. hxg4 hxg4 36. Kg3 Re1 37. Bf2 Re2 38. Ra7 Be6 0-1


[Site "https://www.chess.com"]

[Event "Titled Tuesday Blitz January 10 Early 2023"]
[White "Karttunen, Mika"]
[Black "Kuznecovs, Nikita"]
[WhiteFideId "502081"]
[BlackFideId "11604557"]
[WhiteElo "2490"]
[BlackElo "2287"]
[Result "1-0"]
[Round "08"]
[TimeControl "180+2"]
[Date "2023.01.10"]
[WhiteClock "0:00:09"]
[BlackClock "0:00:09"]

1. d4 Nf6 2. c4 e6 3. g3 c5 4. Nf3 cxd4 5. Nxd4 d5 6. Nc3 e5 7. Nc2 d4 8. Nb1 h5 9. h3 Bd7 10. Bg2 Bc6 11. O-O Qd7 12. Nd2 Bxg2 13. Kxg2 Nc6 14. Nf3 O-O-O 15. Ng5 h4 16. b4 Bxb4 17. Nxb4 Nxb4 18. Rb1 Qc6+ 19. f3 Qxc4 20. a3 Nc6 21. Qd3 Qxd3 22. exd3 Rd7 23. g4 Nd5 24. Re1 Nc3 25. Rb2 f6 26. Ne4 Nxe4 27. fxe4 Nd8 28. g5 Ne6 29. g6 Nf8 30. Rc2+ Kb8 31. Bd2 Nxg6 32. Rec1 Ne7 33. Kf3 Nc6 34. a4 Rc8 35. a5 Ne7 36. Kg4 Rxc2 37. Rxc2 Rc7 38. Rb2 Kc8 39. Kxh4 Kd7 40. Kg4 Ke6 41. h4 Nc8 42. h5 Nd6 43. Kf3 a6 44. Kg4 Nb5 45. Kf3 Rc8 46. Kg4 Rg8 47. Rc2 Kd7 48. Rc5 Nd6 49. Rd5 Ke6 50. Bb4 Nb5 51. Rc5 g6 52. h6 Rh8 53. Bd2 g5 54. Kh5 Kf7 55. Rd5 Ke6 56. Kg6 g4 57. Kg7 Re8 58. Be1 Nd6 59. Bb4 Nf7 60. h7 g3 61. Rc5 g2 62. Rc1 Ng5 63. Rg1 Rd8 64. h8=Q Rd7+ 65. Kg6 Rc7 66. Qe8+ 1-0


[Site "https://www.chess.com"]

[Event "Titled Tuesday Blitz January 10 Early 2023"]
[White "Quinones Garcia, Santiago"]
[Black "Turzo, Attila"]
[WhiteFideId "4408497"]
[BlackFideId "704954"]
[WhiteElo "2248"]
[BlackElo "2279"]
[Result "0-1"]
[Round "08"]
[TimeControl "180+2"]
[Date "2023.01.10"]
[WhiteClock "0:00:01"]
[BlackClock "0:00:43"]

1. d4 Nf6 2. c4 e6 3. Nc3 Bb4 4. Qc2 O-O 5. a3 Bxc3+ 6. Qxc3 d5 7. Bg5 h6 8. Bh4 Nbd7 9. e3 b6 10. Nf3 Ba6 11. b3 c5 12. Bd3 Rc8 13. Ne5 Qc7 14. Nxd7 Nxd7 15. cxd5 Bxd3 16. Qxd3 exd5 17. O-O c4 18. Qc3 b5 19. f3 Rfe8 20. Rfe1 Qc6 21. Re2 f5 22. Rae1 Re6 23. Qc2 g6 24. bxc4 Qxc4 25. Qb1 Rec6 26. e4 Qxe2 27. Rxe2 Rc1+ 28. Qxc1 Rxc1+ 29. Kf2 g5 30. exf5 gxh4 31. Re7 Nb6 32. Rxa7 Nc4 33. Rd7 Rc2+ 34. Kf1 Ra2 35. h3 Rxa3 0-1


[Site "https://www.chess.com"]

[Event "Titled Tuesday Blitz January 10 Early 2023"]
[White "Fayzullaev, Akmal"]
[Black "Horcajuelo Rocamora, Martin"]
[WhiteFideId "14200554"]
[BlackFideId "24573027"]
[WhiteElo "2391"]
[BlackElo "2107"]
[Result "1-0"]
[Round "08"]
[TimeControl "180+2"]
[Date "2023.01.10"]
[WhiteClock "0:00:42"]
[BlackClock "0:00:13"]

1. e4 b6 2. d4 Bb7 3. Bd3 d6 4. f4 Nd7 5. Nf3 e5 6. fxe5 dxe5 7. d5 Ngf6 8. Nc3 Bc5 9. Na4 Bd6 10. O-O a6 11. c4 O-O 12. Kh1 Nc5 13. Nxc5 Bxc5 14. Bg5 h6 15. Bh4 g5 16. Bg3 Ng4 17. Qd2 f6 18. h3 Ne3 19. Rfe1 a5 20. Rxe3 Bxe3 21. Qxe3 Bc8 22. Rf1 Qe7 23. Nh2 h5 24. h4 Bd7 25. Nf3 g4 26. Nd2 Kg7 27. Rf2 a4 28. Nf1 Ra5 29. Qd2 Rc5 30. Ne3 f5 31. Nxf5+ Bxf5 32. Rxf5 Rxf5 33. exf5 e4 34. Qe3 Kf7 35. Be2 Qf6 36. Qxe4 c6 37. d6 Rxf5 38. Qxc6 Rc5 39. Qd7+ Kg6 40. Bd3+ Rf5 41. Bxf5+ Qxf5 42. Qxf5+ Kxf5 43. d7 1-0


[Site "https://www.chess.com"]

[Event "Titled Tuesday Blitz January 10 Early 2023"]
[White "Ezat, Mohamed"]
[Black "Andreev, Konstantin"]
[WhiteFideId "10600906"]
[BlackFideId "24239305"]
[WhiteElo "2402"]
[BlackElo "2195"]
[Result "0-1"]
[Round "08"]
[TimeControl "180+2"]
[Date "2023.01.10"]
[WhiteClock "0:00:02"]
[BlackClock "0:00:07"]

1. d4 Nf6 2. Nf3 d5 3. Nc3 a6 4. Bg5 c5 5. e3 Nc6 6. Be2 e6 7. O-O b5 8. Ne5 Bb7 9. f4 Be7 10. f5 exf5 11. Rxf5 h6 12. Bh4 Nxe5 13. dxe5 Ne4 14. Bxe7 Nxc3 15. Bxd8 Nxd1 16. Bb6 Nxe3 17. Rf3 Nxc2 18. Rd1 Nd4 19. Rf2 Nxe2+ 20. Rxe2 c4 21. e6 fxe6 22. Rxe6+ Kd7 23. Rg6 Rhe8 24. Rxg7+ Re7 25. Rg6 Re6 26. Rg7+ Kc6 27. Bf2 Rae8 28. a4 b4 29. a5 R8e7 30. Rg8 Kb5 31. Rb8 Kxa5 32. Bc5 Rc7 33. Bd4 Kb5 34. Rf1 c3 35. bxc3 bxc3 36. Rb1+ Kc4 37. Bb6 Rd7 38. Ba5 d4 39. Rb4+ Kd3 40. Rf8 Bd5 41. Rf1 c2 42. Ra4 Rde7 43. Ra3+ Kc4 44. Bd2 Re2 45. Bc1 Re1 46. Ra4+ Kb5 47. Rxd4 Kc5 48. Rd2 Bc4 49. Rxc2 Rxf1# 0-1


[Site "https://www.chess.com"]

[Event "Titled Tuesday Blitz January 10 Early 2023"]
[White "Jimenez, Joaquin"]
[Black "Martynov, Pavel"]
[WhiteFideId "109860"]
[BlackFideId "4101260"]
[WhiteElo "2195"]
[BlackElo "2414"]
[Result "1-0"]
[Round "08"]
[TimeControl "180+2"]
[Date "2023.01.10"]
[WhiteClock "0:00:50"]
[BlackClock "0:00:08"]

1. e4 c5 2. Nf3 e6 3. d4 cxd4 4. Nxd4 Nc6 5. Nb5 d6 6. Bf4 e5 7. Be3 a6 8. N5c3 Nf6 9. Bg5 Be7 10. Na3 b5 11. Bxf6 Bxf6 12. Nd5 O-O 13. c3 Bg5 14. Nc2 f5 15. exf5 Bxf5 16. Nce3 Be6 17. Be2 Ra7 18. Bf3 Raf7 19. Qe2 Kh8 20. O-O-O Qa5 21. Kb1 b4 22. Nc4 Qd8 23. Ndb6 d5 24. Bxd5 Bxd5 25. Rxd5 Qc7 26. f3 bxc3 27. bxc3 Rb8 28. Qf2 Bd8 29. Ka1 h6 30. Rhd1 Rxb6 31. Rxd8+ Nxd8 32. Nxb6 Qxc3+ 33. Qb2 Qxb2+ 34. Kxb2 Ne6 35. Nc4 Rb7+ 36. Kc3 Rc7 37. Rd6 Nf4 38. g3 Ne2+ 39. Kb4 Rb7+ 40. Rb6 Ra7 41. Nxe5 a5+ 42. Kc4 a4 43. f4 a3 44. f5 Kh7 45. Ng6 Ra8 46. Rb7 Kg8 47. Ne7+ Kf7 48. Nd5+ Kf8 49. Nc7 Rc8 50. Kb4 Nd4 51. Ne6+ Nxe6 52. fxe6 Rc2 53. Kxa3 Rxh2 54. Rf7+ Kg8 55. Kb3 Re2 56. Re7 Re3+ 57. Kb4 Rxg3 58. a4 Re3 59. Re8+ Kh7 60. a5 h5 61. a6 Re1 62. a7 Rb1+ 63. Kc3 1-0


[Site "https://www.chess.com"]

[Event "Titled Tuesday Blitz January 10 Early 2023"]
[White "Mayank Chakraborty"]
[Black "Marn, Jan"]
[WhiteFideId "25659766"]
[BlackFideId "14619245"]
[WhiteElo "2025"]
[BlackElo "2345"]
[Result "0-1"]
[Round "08"]
[TimeControl "180+2"]
[Date "2023.01.10"]
[WhiteClock "0:00:03"]
[BlackClock "0:00:09"]

1. c4 e6 2. Nc3 d5 3. e3 Nf6 4. Nf3 c5 5. cxd5 exd5 6. Bb5+ Bd7 7. Qb3 c4 8. Bxd7+ Qxd7 9. Qc2 Nc6 10. O-O Nb4 11. Qb1 Nd3 12. b3 Be7 13. Ne1 Nxc1 14. Qxc1 O-O 15. Nf3 b5 16. bxc4 dxc4 17. a4 b4 18. Nb5 Rfc8 19. Ne5 Qd5 20. f4 a6 21. Nd4 Ne4 22. Qd1 Bc5 23. Ndf3 f6 24. Nxc4 Qxc4 25. d3 Bxe3+ 26. Kh1 Qf7 27. dxe4 Bxf4 28. e5 Rd8 29. Qe1 fxe5 30. Nxe5 Bxe5 31. Rxf7 Bxa1 32. Qe6 Kh8 33. h4 Rab8 34. Rf1 Bc3 35. Qxa6 b3 36. Rb1 b2 37. Qc4 Bf6 38. a5 Rbc8 39. Qf1 Rc2 40. a6 Rdc8 41. a7 Rc1 42. Kh2 Rxf1 43. Rxf1 Ra8 44. Rxf6 gxf6 0-1


[Site "https://www.chess.com"]

[Event "Titled Tuesday Blitz January 10 Early 2023"]
[White "Tomaszewski, Kacper"]
[Black "Kalajzic, Ivan"]
[WhiteFideId "1127373"]
[BlackFideId "14506378"]
[WhiteElo "2313"]
[BlackElo "2062"]
[Result "0-1"]
[Round "08"]
[TimeControl "180+2"]
[Date "2023.01.10"]
[WhiteClock "0:00:12"]
[BlackClock "0:00:19"]

1. e4 g6 2. Nc3 Bg7 3. Nge2 d6 4. h3 a6 5. g4 b5 6. a3 Bb7 7. Bg2 Nd7 8. Ng3 c5 9. O-O e6 10. d3 Ne7 11. f4 Qc7 12. f5 Be5 13. Nce2 gxf5 14. gxf5 Rg8 15. fxe6 fxe6 16. Bf4 O-O-O 17. Kh2 Ng6 18. Bxe5 Ndxe5 19. Nf4 Nxf4 20. Rxf4 Qg7 21. Qe1 Qg5 22. Qf2 h5 23. Rg1 h4 24. Ne2 Rd7 25. Qxh4 Rdg7 26. Qxg5 Rxg5 27. Bh1 c4 28. d4 Nd7 29. Rxg5 Rxg5 30. Rg4 Rh5 31. Nf4 Rh6 32. Rg8+ Kc7 33. Rg7 Kd8 34. d5 exd5 35. exd5 Nc5 36. Rg8+ Kc7 37. Rg7+ Kb6 38. Rg6 Rxg6 39. Nxg6 Na4 40. b4 Nc3 41. h4 Nxd5 42. h5 Nf6 43. Bxb7 Kxb7 44. Nf4 Kc6 45. Kg3 d5 46. c3 Kd6 47. h6 Ke5 48. Kf3 d4 49. Ng6+ Kd5 50. Ne7+ Ke6 51. Ng8 dxc3 52. Ke3 Kf7 53. Nxf6 Kxf6 54. Ke2 Kg6 55. Kd1 Kxh6 56. Kc2 Kg5 57. Kxc3 Kf4 58. Kd4 Kf3 59. a4 Ke2 60. axb5 axb5 61. Kc5 c3 62. Kxb5 c2 63. Ka6 c1=Q 64. b5 Qa3+ 65. Kb6 Kd3 66. Kc6 Kc4 67. b6 Qc5+ 68. Kb7 Kb5 69. Ka8 Kxb6 70. Kb8 Qc7+ 71. Ka8 Qa7# 0-1


[Site "https://www.chess.com"]

[Event "Titled Tuesday Blitz January 10 Early 2023"]
[White "Fathy, Elameir"]
[Black "Nguyen Hong Nhung"]
[WhiteFideId "10600396"]
[BlackFideId "12412201"]
[WhiteElo "2300"]
[BlackElo "2003"]
[Result "1-0"]
[Round "08"]
[TimeControl "180+2"]
[Date "2023.01.10"]
[WhiteClock "0:00:20"]
[BlackClock "0:00:39"]

1. d4 Nf6 2. c4 c5 3. d5 b5 4. cxb5 a6 5. bxa6 g6 6. Nc3 Bg7 7. e4 O-O 8. a7 Rxa7 9. Nf3 e6 10. Be2 exd5 11. exd5 d6 12. O-O Re8 13. a4 Na6 14. Bb5 Bd7 15. Bf4 Nb4 16. Bxd6 Bxb5 17. Nxb5 Rd7 18. Bxc5 Nfxd5 19. Qb3 Qa5 20. Rad1 Red8 21. Rfe1 Na6 22. Bd4 Bxd4 23. Nbxd4 Nf4 24. Nc6 Rxd1 25. Nxa5 Rxe1+ 26. Nxe1 Re8 27. Nf3 Nc5 28. Qc2 Ne4 29. h3 Nd5 30. Qc6 Rd8 31. Nb7 Nb4 32. Nxd8 1-0


[Site "https://www.chess.com"]

[Event "Titled Tuesday Blitz January 10 Early 2023"]
[White "Shuvalov, Evgenij"]
[Black "Vasques, Antonio Pedro Freixial"]
[WhiteFideId "4187237"]
[BlackFideId "1908332"]
[WhiteElo "2038"]
[BlackElo "2214"]
[Result "1-0"]
[Round "08"]
[TimeControl "180+2"]
[Date "2023.01.10"]
[WhiteClock "0:01:08"]
[BlackClock "0:02:05"]

1. d4 Nf6 2. c4 e6 3. Nf3 Bb4+ 4. Nbd2 c5 5. a3 Bxd2+ 6. Qxd2 O-O 7. e3 cxd4 8. Nxd4 d5 9. b3 dxc4 10. Bxc4 b6 11. Bb2 Bb7 12. O-O Nbd7 13. Rfd1 Qe7 14. Rac1 Rfd8 15. Qe2 Rac8 16. Ba6 Nc5 17. Bxb7 Qxb7 18. b4 Na4 19. b5 Ne4 20. Nc6 Rxd1+ 21. Rxd1 a6 22. Bxg7 Nac3 23. Bxc3 Nxc3 24. Qg4+ Kf8 25. Qb4+ Ke8 26. Qxc3 axb5 27. Qh8# 1-0


[Site "https://www.chess.com"]

[Event "Titled Tuesday Blitz January 10 Early 2023"]
[White "Ansh M Shah"]
[Black "Gutkin, Ilya"]
[WhiteFideId "25033379"]
[BlackFideId "16203470"]
[WhiteElo "2171"]
[BlackElo "2273"]
[Result "1-0"]
[Round "08"]
[TimeControl "180+2"]
[Date "2023.01.10"]
[WhiteClock "0:00:03"]
[BlackClock "0:00:04"]

1. d4 e6 2. c4 b6 3. g3 Bb7 4. Nf3 Bb4+ 5. Bd2 Bxf3 6. exf3 Bxd2+ 7. Qxd2 d5 8. Bg2 Ne7 9. f4 O-O 10. O-O c6 11. b3 Nd7 12. Nc3 Nf6 13. Rfd1 h5 14. h3 g6 15. Rac1 Rc8 16. Qe3 Nf5 17. Qd2 Qd7 18. Ne2 Nd6 19. f3 dxc4 20. bxc4 c5 21. dxc5 Rxc5 22. Qxd6 Qa4 23. Qd4 Qxa2 24. Rd2 Qa3 25. Rc3 Qa1+ 26. Nc1 Ne8 27. Ra2 Qb1 28. Rxa7 Ng7 29. g4 e5 30. fxe5 Ne6 31. Qe3 Rd8 32. Kh2 h4 33. Rb3 Qc2 34. Rc3 Qb2 35. Ra2 Qb1 36. Rd2 Ra8 37. Nd3 Rca5 38. Rb2 Qa1 39. Rcb3 Ra2 40. Rxb6 R8a3 41. Qh6 Rxd3 42. Rb8+ Rd8 43. Rxd8+ Nxd8 44. Rxa2 Qxa2 45. Qxh4 Ne6 46. Qg3 Qxc4 47. h4 Nf4 48. h5 Ne2 49. Qf2 Qf4+ 50. Kh1 Ng3+ 51. Kg1 gxh5 52. gxh5 Qxe5 53. f4 Qa1+ 54. Kh2 Nxh5 55. Bf3 Nf6 56. Qg3+ Kf8 57. Qg5 Qc3 58. Kg2 Qd2+ 59. Kg3 Qd4 60. Qe5 Qg1+ 61. Kh3 Qf1+ 62. Kg3 Qg1+ 63. Kh3 Ne8 64. Bg2 Qc1 65. Kg3 Qa3+ 66. Bf3 Nd6 67. Qd5 Ke7 68. Qa8 Nf5+ 69. Kg4 Ne3+ 70. Kg3 Nf1+ 71. Kg2 Nd2 72. Qxa3+ 1-0


[Site "https://www.chess.com"]

[Event "Titled Tuesday Blitz January 10 Early 2023"]
[White "Perez Rodriguez, Jennifer"]
[Black "Buchenau, Frank"]
[WhiteFideId "3507831"]
[BlackFideId "4604350"]
[WhiteElo "2242"]
[BlackElo "2222"]
[Result "1-0"]
[Round "08"]
[TimeControl "180+2"]
[Date "2023.01.10"]
[WhiteClock "0:00:32"]
[BlackClock "0:00:24"]

1. e4 e6 2. d4 d5 3. Bd3 dxe4 4. Bxe4 Nf6 5. Bf3 c5 6. Ne2 Nc6 7. Be3 cxd4 8. Nxd4 Ne5 9. Nc3 a6 10. Qe2 Nxf3+ 11. Qxf3 e5 12. Nf5 Qa5 13. O-O-O e4 14. Nxe4 Qxf5 15. Nxf6+ gxf6 16. Qg3 Be6 17. Rhe1 Bc5 18. Bxc5 Qxc5 19. Kb1 Rc8 20. c3 Qg5 21. Qd6 Qc5 22. Rxe6+ fxe6 23. Qxe6+ Kf8 24. Qxf6+ Kg8 25. Qe6+ Kf8 26. Rd5 Qc7 27. Rf5+ Kg7 28. Qf6+ Kg8 29. Rg5+ Qg7 30. Rxg7# 1-0


[Site "https://www.chess.com"]

[Event "Titled Tuesday Blitz January 10 Early 2023"]
[White "Carbone, Diego"]
[Black "Bas Mas, Jose Joaquin"]
[WhiteFideId "3002179"]
[BlackFideId "22219064"]
[WhiteElo "2336"]
[BlackElo "2197"]
[Result "0-1"]
[Round "08"]
[TimeControl "180+2"]
[Date "2023.01.10"]
[WhiteClock "0:00:01"]
[BlackClock "0:00:15"]

1. d4 Nf6 2. c4 c5 3. d5 b5 4. cxb5 a6 5. bxa6 Bxa6 6. Nc3 d6 7. e4 Bxf1 8. Kxf1 Nbd7 9. Nf3 g6 10. g3 Bg7 11. Kg2 Ra6 12. a4 O-O 13. Qc2 Qa8 14. Ra3 e6 15. dxe6 fxe6 16. Rd1 Ng4 17. Nb5 Qb8 18. Bf4 Nde5 19. h3 Nxf3 20. Rxf3 Ne5 21. Bxe5 Rxf3 22. Kxf3 Bxe5 23. b3 Qb7 24. Kg2 Qg7 25. f4 Bb2 26. Rxd6 Rxd6 27. Nxd6 Qd4 28. Nc4 Bc3 29. a5 h5 30. a6 Bb4 31. Qa2 Qxe4+ 32. Kf2 Be1+ 33. Kg1 Bxg3 34. a7 Qd4+ 35. Kg2 Qe4+ 36. Kxg3 h4+ 37. Kf2 Qxf4+ 38. Ke2 Qh2+ 39. Kd3 Qxa2 40. Ne5 Qxa7 0-1


[Site "https://www.chess.com"]

[Event "Titled Tuesday Blitz January 10 Early 2023"]
[White "Makhmudov, Shukhrat"]
[Black "Begunov, Konstantin"]
[WhiteFideId "14200775"]
[BlackFideId "4118510"]
[WhiteElo "2115"]
[BlackElo "2325"]
[Result "1-0"]
[Round "08"]
[TimeControl "180+2"]
[Date "2023.01.10"]
[WhiteClock "0:01:24"]
[BlackClock "0:00:58"]

1. e4 c5 2. Nf3 d6 3. d4 cxd4 4. Nxd4 Nf6 5. Nc3 a6 6. h3 b5 7. a3 Bb7 8. Bd3 e6 9. O-O Be7 10. Re1 Nc6 11. Nxc6 Bxc6 12. e5 dxe5 13. Rxe5 O-O 14. Qe1 Qc7 15. Bg5 h6 16. Bh4 Nd7 17. Rh5 Bxh4 18. Rxh4 Ne5 19. Be4 Nc4 20. Bxc6 Qxc6 21. Ne4 Nxb2 22. Qc1 Nc4 23. Nf6+ gxf6 24. Qxh6 1-0


[Site "https://www.chess.com"]

[Event "Titled Tuesday Blitz January 10 Early 2023"]
[White "Zaichenko, Daria"]
[Black "Ortega Ruiz, Jose Miguel"]
[WhiteFideId "4197453"]
[BlackFideId "2209713"]
[WhiteElo "2104"]
[BlackElo "2351"]
[Result "0-1"]
[Round "08"]
[TimeControl "180+2"]
[Date "2023.01.10"]
[WhiteClock "0:00:02"]
[BlackClock "0:00:19"]

1. e4 g6 2. d4 Bg7 3. f4 d5 4. e5 h5 5. Bd3 Nh6 6. Nf3 Bg4 7. h3 Bxf3 8. Qxf3 O-O 9. O-O e6 10. Be3 c5 11. c3 cxd4 12. cxd4 Nc6 13. Nc3 a6 14. g4 hxg4 15. hxg4 Qh4 16. Be2 Rac8 17. Rf2 Qe7 18. Rh2 f6 19. exf6 Bxf6 20. Rxh6 Nxd4 21. Qh3 Rxc3 22. bxc3 Nxe2+ 23. Kg2 Bg7 24. Rxg6 Rxf4 25. Re1 Qf7 26. Rxg7+ Qxg7 27. Rxe2 Rxg4+ 28. Kh2 Qe5+ 29. Kh1 Qe4+ 30. Rg2 Qb1+ 31. Kh2 Rxg2+ 32. Qxg2+ Kf7 33. Bd4 Qh7+ 34. Kg1 Qh6 35. Qg3 Qg6 36. Kf2 Qc2+ 37. Kf3 Qd3+ 38. Kg4 Qf5+ 39. Kh4 Qh7+ 40. Kg4 Qe4+ 41. Kh5 Qh1+ 42. Kg4 b5 43. Qf3+ Qxf3+ 44. Kxf3 Ke7 45. Kf4 Kd6 46. a3 a5 0-1


[Site "https://www.chess.com"]